 Dungeon Crawl Stone Soup version 0.30-a0-263-ge22c4ad894 (webtiles) character file.

Game seed: 18221806889178446891

2 NinjaNoafa the Covert (level 1, -1/23 HPs)
             Began as a Gnoll Delver on Oct 13, 2022.
             Slain by a ball python (3 damage)
             ... on level 2 of the Dungeon.
             The game lasted 00:00:57 (141 turns).

NinjaNoafa the Covert (Gnoll Delver)                 Turns: 141, Time: 00:00:57

Health: -1/23      AC:  3    Str: 11    XL:     1   Next: 30%
Magic:  1/1        EV: 10    Int:  9    God:
Gold:   37         SH:  0    Dex: 13    Spells: 0/0 levels left

rFire   . . .      SeeInvis .    a - +0 falchion
rCold   . . .      Faith    .    (no shield)
rNeg    . . .      Spirit   .    b - +0 leather armour
rPois   .          Reflect  .    (no helmet)
rElec   .          Harm     .    (no cloak)
rCorr   .          Rampage  .    (no gloves)
Will    .....                    (no boots)
Stlth   ++++......               (no amulet)
HPRegen 0.23/turn                (no ring)
MPRegen 0.07/turn                (no ring)

@: constricted
A: fangs 1, strong nose, distributed training
a: no special abilities


You were on level 2 of the Dungeon.
You visited 1 branch of the dungeon, and saw 4 of its levels.

You collected 37 gold pieces.

Inventory:

Hand Weapons
 a - a +0 falchion (weapon)
Armour
 b - a +0 leather armour (worn)
Jewellery
 i - a ring of magical power
Wands
 g - a wand of digging (3)
Scrolls
 d - 2 scrolls of magic mapping
 e - a scroll of fear
 f - a scroll of identify {unknown}


   Skills:
 + Level 6.4 Fighting
 + Level 0.0 Short Blades
 + Level 4.4 Long Blades
 + Level 0.0 Axes
 + Level 0.0 Maces & Flails
 + Level 0.0 Polearms
 + Level 0.0 Staves
 + Level 0.0 Ranged Weapons
 + Level 0.0 Throwing
 + Level 0.0 Armour
 + Level 4.4 Dodging
 + Level 9.5 Stealth
 + Level 0.0 Shields
 + Level 0.0 Unarmed Combat
 + Level 0.0 Spellcasting
 + Level 0.0 Conjurations
 + Level 0.0 Hexes
 + Level 0.0 Summonings
 + Level 0.0 Necromancy
 + Level 0.0 Translocations
 + Level 0.0 Transmutations
 + Level 0.0 Fire Magic
 + Level 0.0 Ice Magic
 + Level 0.0 Air Magic
 + Level 0.0 Earth Magic
 + Level 0.0 Poison Magic
 + Level 0.1 Invocations
 + Level 0.0 Evocations


You couldn't memorise any spells.
You didn't know any spells.
Your spell library was empty.

Dungeon Overview and Level Annotations

Branches:
Dungeon (5/15)
 Temple: D:4-7

Altars:


Innate Abilities, Weirdness & Mutations

You have very sharp teeth.
Your uncanny sense of smell can sniff out nearby items.
Your experience applies equally to all skills.


Message History

The jackal closely misses you.
You slash the worm!
The worm is heavily wounded.
The jackal closely misses you. The worm bites you!
You hit the worm but do no damage.
The worm is moderately wounded.
The jackal completely misses you. The jackal closely misses you.
You hit the worm.
The worm is severely wounded.
The ball python hisses angrily.
The jackal closely misses you. The worm bites you.
As you read the scroll of fog, it crumbles to dust.
The scroll dissolves into smoke.
The jackal bites you but does no damage.
The jackal closely misses you.
You completely miss the worm.
The worm is severely wounded.
The ball python barely misses you. x2; The jackal closely misses you.
The worm bites you.
* * * LOW HITPOINT WARNING * * *
You hit the worm but do no damage. You bite the worm.
The worm is severely wounded.
The jackal completely misses you. The ball python barely misses you.
The ball python grabs you. The ball python constricts you.
* * * LOW HITPOINT WARNING * * *
The worm barely misses you. The jackal closely misses you.
You hit the worm.
The worm is severely wounded.
The ball python barely misses you. The ball python constricts you.
The jackal bites you.
* * * LOW HITPOINT WARNING * * *
The ball python barely misses you. The ball python constricts you.
* * * LOW HITPOINT WARNING * * *
You hit the jackal but do no damage. The jackal bites you.
* * * LOW HITPOINT WARNING * * *
The ball python closely misses you. The ball python constricts you.
* * * LOW HITPOINT WARNING * * *
The worm closely misses you. The jackal closely misses you.
You barely miss the jackal. The ball python bites you.
You die...

### ... ..# #
#.# # #. #.. .#
#..###.##.#
#...§§§§§.##.#
#.§§Sw§....#
#.§§@h§......
.....§##########
#####


You could see a worm, a jackal and a ball python.

Vanquished Creatures
  A goblin (D:3)
  A ball python (D:3)
2 creatures vanquished.

Notes
Turn   | Place    | Note
-------+----------+-------------------------------------------
     0 | D:5      | Reached skill level 9 in Stealth
     0 | D:5      | NinjaNoafa the Gnoll Delver began the quest for the Orb.
     0 | D:5      | Reached XP level 1. HP: 23/23 MP: 1/1
    35 | D:5      | Noticed a scorpion
    43 | D:5      | Noticed a scorpion
   141 | D:2      | Slain by a ball python

Illustrated notes

Levels and vault maps discovered:
D:2:      minmay_alternating_diamond, layout_loops_ring, basic_altar
D:3:      layout_rooms
D:4:      kennysheep_goblin_castle, layout_loops_ring,
          hangedman_decor_peaks_small, uniq_grinder, uniq_pikel
D:5:      layout_cave_pools, lemuel_doored_altar, serial_gnoll_camp,
          gnoll_camp_mini_hut, gnoll_camp_mini_basic, gnoll_camp_huts_basic,
          gnoll_camp_mini_doghouse, gnoll_camp_mini_shop, gnoll_camp_mini_hut,
          uniq_edmund, uniq_eustachio

Skill      XL: | |
---------------+-+-----
Stealth        | |  9.5
Fighting       | |  6.4
Long Blades    | |  4.4
Dodging        | |  4.4
Invocations    | |  0.1

Action                   || total
-------------------------++-------
Melee: Falchion          ||    12
       Bite              ||     1
  Use: Potion            ||     2
       Scroll            ||     1
 Stab: Sleeping          ||     2
Armor: Leather armour    ||     2
Dodge: Dodged            ||    28

Table legend: (Time is in decaauts)
 A = Elapsed time spent in this place.
 B = Non-inter-level travel time spent in this place.
 C = Inter-level travel time spent in this place.
 D = Time resting spent in this place.
 E = Time spent auto-exploring this place.
 F = Levels seen in this place.
 G = Mean time per level.
                   A        B        C        D        E       F      G
               +--------+--------+--------+--------+--------+-----+--------+
         Total |    122 |    122 |      0 |      0 |      5 |   4 |   30.5 |
       Dungeon |    122 |    122 |      0 |      0 |      5 |   4 |   30.5 |
               +--------+--------+--------+--------+--------+-----+--------+

Top non-repeatable levels by time:
     D:3: 52 daAuts
     D:5: 46 daAuts
     D:4: 12 daAuts
     D:2: 11 daAuts
